 Dungeon Crawl Stone Soup version 0.20.1-1-g8b1a95d (webtiles) character file.

669 FollowTheCloud the Skirmisher (level 7, -4/55 HPs)
             Began as a Demonspawn Gladiator on Aug 30, 2017.
             Slain by a hornet (11 damage)
             ... on level 5 of the Dungeon.
             The game lasted 00:16:36 (6277 turns).

FollowTheCloud the Skirmisher (DsGl)                Turns: 6277, Time: 00:16:36

Health: -4/55      AC:  7    Str: 16    XL:     7   Next: 32%
Magic:  7/7        EV: 12    Int: 10    God:
Gold:   152        SH:  0    Dex: 14    Spells: 6/6 levels left

rFire    . . .     SeeInvis .   a - +0 war axe
rCold    + . .     Gourm    .   (no shield)
rNeg     . . .     Faith    .   o - +0 ring mail
rPois    .         Spirit   .   (helmet restricted)
rElec    .         Reflect  .   (no cloak)
rCorr    .         Harm     .   (no gloves)
MR       .....                  (no boots)
Stlth    +.........             (no amulet)
Regen    0.2/turn               (no ring)
MPRegen  0.1/turn               (no ring)

@: lethally poisoned (-4 -> -9), slowed, very slow
A: antennae 1, icy blue scales 1, cold resistance 1, demonic guardian 1
a: no special abilities


You were on level 5 of the Dungeon.
You were not hungry.

You visited 1 branch of the dungeon, and saw 5 of its levels.
You also visited: Sewer.

You collected 152 gold pieces.

Inventory:

Hand Weapons
 a - a +0 war axe (weapon)
 t - a +0 blowgun
 D - a +0 hand crossbow
Missiles
 c - 44 bolts
 d - 3 throwing nets (quivered)
 s - 4 needles of sleeping
Armour
 o - a +0 ring mail (worn)
Jewellery
 k - an uncursed amulet of guardian spirit {unknown}
 r - a cursed amulet of inaccuracy {unknown}
 v - a +2 amulet of reflection {unknown}
 w - an uncursed ring of flight {unknown}
 z - a +4 ring of evasion {unknown}
Scrolls
 b - 2 scrolls of magic mapping {unknown}
 g - 4 scrolls of identify {unknown}
 h - 6 scrolls of remove curse {unknown}
 i - a scroll of recharging {unknown}
 l - 2 scrolls of immolation {unknown}
 m - 5 scrolls of teleportation {unknown}
 y - 3 scrolls of brand weapon {unknown}
 C - a scroll of fog {unknown}
 E - a scroll of enchant weapon {unknown}
Potions
 e - 4 potions of heal wounds {unknown}
 p - a potion of degeneration {unknown}
 q - 7 potions of curing {unknown}
 u - 3 potions of agility {unknown}
 x - 2 potions of brilliance {unknown}
 A - a potion of might {unknown}
Books
 B - a book of Necromancy

   Spells                             Type                      Level
   a - Pain                           Necromancy                   1
   b - Animate Skeleton               Necromancy                   1
   c - Vampiric Draining              Necromancy                   3
   d - Regeneration                   Charms/Necromancy            3
   e - Animate Dead                   Necromancy                   4
   f - Control Undead                 Necromancy                   4
Comestibles
 f - 4 bread rations
 j - 4 meat rations
 n - a royal jelly
 F - a fruit


   Skills:
 + Level 4.6 Fighting
 + Level 4.4 Axes
 + Level 1.8 Crossbows
 - Level 1.7 Throwing
 + Level 3.3 Armour
 - Level 3.9 Dodging


You had 6 spell levels left.
You didn't know any spells.

Dungeon Overview and Level Annotations

Branches:
Dungeon (5/15)
 Temple: D:4-7

Altars:
Ashenzari
Uskayaw

Annotations:
D:4 Eustachio; Grinder; pupurumpum's ghost, amateur BaFi


Innate Abilities, Weirdness & Mutations

You have a pair of small antennae on your head.
You are partially covered in icy blue scales. (AC +2)
Your flesh is cold resistant. (rC+)
A weak demonic guardian rushes to your aid.


Message History

You barely miss the hornet.
The hornet is moderately wounded.
The hornet stings you.
You feel yourself slow down. The hornet closely misses you.
You completely miss the hornet.
The hornet is moderately wounded.
The hornet stings you!
You suddenly lose the ability to move!
The hornet stings you!
You feel as though you will be slow longer.
The hornet stings you!
* * * LOW HITPOINT WARNING * * *
You feel as though you will be slow longer.
The hornet stings you.
* * * LOW HITPOINT WARNING * * *
You are poisoned.
You feel as though you will be slow longer.
You can move again.
* * * LOW HITPOINT WARNING * * *
You feel sick. The hornet stings you!
You die...

#.....>.##.. { #..'...).
####....# .# ####.....
#######..'....##.# #.#......
#.......##....#y#### #.#.###..
#.......########{#y## #.#.# #..
........# #.#.#.## #.#.# #..
........############.# #.#.###..
.........[....#.#.#.##..#........
.......######...@y.....##.#.###..
..............##########..#.# ###
..####...####.# #.....#....># ..#
#........###.....######## ###
##.#.....##.............#
#.#.....##.......#####.#
#.##....##....(..#...#.#
#.......##.###'#.#...#.#
#######...##.# #.#.#.#.#.#


You could see a hornet.

Vanquished Creatures
  2 big kobolds (D:3)
  A scorpion (D:4)
  A hound (D:4)
  Crazy Yiuf (D:5)
  4 orc priests
  2 bullfrog skeletons
  An iguana (D:5)
  A worker ant (D:5)
  4 adders
  An ooze (Sewer)
  An adder skeleton (D:5)
  6 worms
  4 dart slugs
  2 leopard geckos
  16 orcs
  4 ball pythons
  7 giant cockroaches
  9 goblins
  12 hobgoblins
  2 quokkas
  11 bats
  2 frilled lizards
  A giant cockroach zombie (D:5)
  31 kobolds
  13 rats
139 creatures vanquished.

Notes
Turn   | Place    | Note
-------+----------+-------------------------------------------
     0 | D:1      | FollowTheCloud the Demonspawn Gladiator began the quest for the Orb.
     0 | D:1      | Reached XP level 1. HP: 16/16 MP: 1/1
   123 | D:1      | Gained mutation: Your flesh is cold resistant. (rC+) [demonic ancestry]
   123 | D:1      | Reached XP level 2. HP: 6/22 MP: 2/2
   555 | D:1      | Reached skill level 1 in Armour
  1164 | D:2      | Reached XP level 3. HP: 19/28 MP: 3/3
  2148 | D:3      | Gained mutation: You have a pair of small antennae on your head. [demonic ancestry]
  2148 | D:3      | Reached XP level 4. HP: 33/34 MP: 4/4
  2204 | D:3      | Found a hide-covered altar of Uskayaw.
  2308 | D:3      | Found a shattered altar of Ashenzari.
  2423 | D:3      | Found a glowing drain.
  2482 | Sewer    | Entered a sewer
  3486 | D:3      | Noticed a big kobold
  3487 | D:3      | Noticed a big kobold
  3539 | D:3      | Reached XP level 5. HP: 41/41 MP: 5/5
  3579 | D:3      | HP: 2/41 [hobgoblin (1)]
  3964 | D:4      | Noticed Eustachio
  4327 | D:3      | Gained mutation: You are partially covered in icy blue scales. (AC +2) [demonic ancestry]
  4327 | D:3      | Reached XP level 6. HP: 23/48 MP: 6/6
  4452 | D:4      | Noticed pupurumpum's ghost (amateur BaFi)
  4707 | D:5      | Entered Level 5 of the Dungeon
  4953 | D:4      | Noticed Grinder
  4964 | D:4      | Paralysed by Grinder for 5 turns
  5169 | D:5      | Found a runed door.
  5173 | D:5      | Noticed Crazy Yiuf
  5181 | D:5      | Killed Crazy Yiuf
  5181 | D:5      | Reached skill level 1 in Crossbows
  5504 | D:5      | Gained mutation: A weak demonic guardian rushes to your aid. [demonic ancestry]
  5504 | D:5      | Reached XP level 7. HP: 48/55 MP: 7/7
  6262 | D:5      | Noticed a hornet
  6275 | D:5      | Paralysed by a hornet for 2 turns
  6277 | D:5      | Slain by a hornet

Skill      XL: |  1  2  3  4  5  6 |
---------------+-------------------+-----
Dodging        | 3 |  3.9
Armour         | 1 2 3 |  3.3
Axes           | 3 4 |  4.4
Fighting       | 3 4 |  4.6
Crossbows      | 1 |  1.8
Throwing       | |  1.7

Action                   |  1- 3 |  4- 6 |  7- 9 || total
-------------------------+-------+-------+-------++-------
Melee: War axe           |   135 |   280 |    84 ||   499
  Eat: Chunk             |     4 |     7 |     3 ||    14
       Bread ration      |       |     1 |       ||     1
Armor: Leather armour    |    12 |       |       ||    12
       Ring mail         |    48 |   184 |    27 ||   259
Dodge: Dodged            |   132 |   374 |    36 ||   542
